 Dungeon Crawl Stone Soup version 0.25.1-2-g60ff931df9 (webtiles) character file.

Game seed: 5565473553745395051

252633 gruber the Blocker (level 19, -4/152 HPs)
             Began as a Gnoll Fighter on Sept 5, 2020.
             Was an Initiate of Gozag.
             Killed by the raging water
             ... invoked by a water nymph
              (25 damage)
             ... on level 4 of the Shoals on Sept 6, 2020.
             The game lasted 01:21:57 (61410 turns).

gruber the Blocker (Gnoll Fighter)                 Turns: 61410, Time: 01:21:57

Health: -4/152     AC: 16    Str: 21    XL:     19   Next: 69%
Magic:  35/35      EV: 17    Int: 16    God:    Gozag
Gold:   6821       SH: 26    Dex: 15    Spells: 41/43 levels left

rFire    . . .     SeeInvis +   I - +9 whip "Ufyifade" {venom, +Blink rElec rPois Str+3 Int-3}
rCold    . . .     Gourm    .   X - +2 tower shield
rNeg     + . .     Faith    .   E - +2 ring mail {MR+}
rPois    +         Spirit   .   D - +1 helmet
rElec    +         Reflect  +   P - scarf {repulsion}
rCorr    .         Harm     .   S - +0 pair of gloves of Uskayaw's Esteem {*Slow +Inv +Fly MR+++}
MR       +++++                  W - +0 pair of boots
Stlth    +++++.....             l - amulet of Abbuam {Reflect Fragile rN+ Slay+4 SH+5}
HPRegen  0.00/turn              j - +4 ring of slaying (curse)
MPRegen  0.24/turn              V - ring of see invisible

@: gold aura, flying, very slightly contaminated, invisible, repel missiles
A: distributed training, fangs 1, inhibited regeneration, strong nose
}: 2/15 runes: barnacled, gossamer
a: Potion Petition, Call Merchant, Bribe Branch, Renounce Religion, Evoke Blink,
Stop Flying


You were on level 4 of the Shoals.
You worshipped Gozag.
Gozag was greatly pleased with you.
You were not hungry.

You visited 7 branches of the dungeon, and saw 33 of its levels.
You also visited: Volcano.

You collected 13471 gold pieces.
You spent 1427 gold pieces at shops.
You paid 5223 gold pieces to Gozag.

Inventory:

Hand Weapons
 x - the +3 broad axe "Impbane" {vorpal, MR++ Dex+4}
   (You found it on level 6 of the Lair of Beasts)

   It inflicts extra damage upon your enemies.
   It affects your dexterity (+4).
   It affects your resistance to hostile enchantments.
 I - the +9 whip "Ufyifade" (weapon) {venom, +Blink rElec rPois Str+3 Int-3}
   (You took it off a big kobold on level 8 of the Dungeon)

   It poisons the flesh of those it strikes.
   It affects your strength (+3).
   It affects your intelligence (-3).
   It insulates you from electricity.
   It protects you from poison.
   It lets you blink.
 M - a +4 demon trident of flaming
Missiles
 A - 2 curare-tipped darts
 O - 42 silver javelins
 U - 33 javelins (quivered)
Armour
 D - a +1 helmet (worn)
 E - a +2 ring mail of magic resistance (worn)
 P - a scarf of repulsion (worn)
 S - the +0 pair of gloves of Uskayaw's Esteem (worn) {*Slow +Inv +Fly MR+++}
   (You found it on level 5 of the Lair of Beasts)

   It affects your resistance to hostile enchantments.
   It lets you turn invisible.
   It lets you fly.
   It may slow you when you take damage.
 W - a +0 pair of boots (worn)
 X - a +2 tower shield (worn)
Jewellery
 j - a cursed +4 ring of slaying (left hand)
 l - the amulet of Abbuam (around neck) {Reflect Fragile rN+ Slay+4 SH+5}
   (You acquired it on level 4 of the Shoals)

   [amulet of reflection]

   It shields you and reflects attacks.
   It affects your accuracy and damage with ranged weapons and melee attacks
   (+4).
   It protects you from negative energy.
   It will be destroyed if unequipped.
   It affects your SH (+5).
 m - an uncursed ring of protection from fire
 o - an uncursed ring of poison resistance
 B - a +6 ring of strength
 H - an uncursed ring of ice
 V - a ring of see invisible (right hand)
Wands
 a - a wand of flame (45)
 b - a wand of clouds (4)
 c - a wand of random effects (14)
 n - a wand of acid (5)
 y - a wand of polymorph (9)
 C - a wand of paralysis (28)
 F - a wand of enslavement (27)
 J - a wand of digging (19)
 Q - a wand of iceblast (11)
 R - a wand of disintegration (4)
Scrolls
 g - 8 scrolls of fog
 h - 12 scrolls of teleportation
 k - 5 scrolls of fear
 p - 14 scrolls of remove curse
 q - 4 scrolls of amnesia
 t - 8 scrolls of magic mapping
 v - a scroll of identify
 w - a scroll of summoning
 Y - a scroll of vulnerability
Potions
 d - 2 potions of might
 e - 6 potions of lignification
 i - 6 potions of magic
 r - 2 potions of brilliance
 s - 3 potions of stabbing
 u - 8 potions of flight
 z - 10 potions of curing
 G - a potion of cancellation
 K - 5 potions of ambrosia
 L - 2 potions of berserk rage
 N - 2 potions of haste
 T - 3 potions of resistance
Comestibles
 f - 16 rations


   Skills:
 + Level 14.0 Fighting
 + Level 12.7 Short Blades
 + Level 13.4 Long Blades
 + Level 12.7 Axes
 + Level 12.7 Maces & Flails
 + Level 12.7 Polearms
 + Level 12.7 Staves
 + Level 12.7 Slings
 + Level 12.7 Bows
 + Level 12.7 Crossbows
 + Level 12.7 Throwing
 + Level 14.0 Armour
 + Level 12.7 Dodging
 + Level 12.7 Stealth
 + Level 14.0 Shields
 + Level 12.7 Unarmed Combat
 + Level 12.7 Spellcasting
 + Level 10.9 Conjurations
 + Level 10.9 Hexes
 + Level 10.9 Charms
 + Level 10.9 Summonings
 + Level 10.9 Necromancy
 + Level 10.9 Translocations
 + Level 10.9 Transmutations
 + Level 10.9 Fire Magic
 + Level 10.9 Ice Magic
 + Level 10.9 Air Magic
 + Level 10.9 Earth Magic
 + Level 10.9 Poison Magic
 + Level 13.7 Invocations
 + Level 12.7 Evocations


You had 41 spell levels left.
You knew the following spells:

 Your Spells              Type           Power        Failure   Level  Hunger
a - Blink                 Tloc           N/A          1%          2    None

Your spell library contained the following spells:

 Spells                   Type           Power        Failure   Level  Hunger
 Apportation              Tloc           #####.       1%          1    None
 Magic Dart               Conj           ####         1%          1    None
 Call Imp                 Summ           #####...     1%          2    None
 Shroud of Golubria       Chrm/Tloc      #####.       1%          2    None
 Slow                     Hex            #####...     1%          2    None
 Conjure Flame            Conj/Fire      #####...     1%          3    None
 Gell's Gravitas          Tloc           #####.....   1%          3    None
 Lesser Beckoning         Tloc           #####.....   1%          3    None
 Mephitic Cloud           Conj/Pois/Air  #####...     1%          3    None
 Portal Projectile        Hex/Tloc       #####.       1%          3    None
 Recall                   Summ/Tloc      N/A          1%          3    None
 Teleport Other           Tloc           #####...     1%          3    None
 Passage of Golubria      Tloc           N/A          4%          4    ##.....
 Dispersal                Tloc           #####.....   56%         6    ######.


Dungeon Overview and Level Annotations

Branches:
Dungeon (15/15)            Temple (1/1) D:5            Lair (6/6) D:10
 Shoals (4/4) Lair:4       Spider (4/4) Lair:2        Slime (0/5) Lair:6
    Orc (2/2) D:12            Elf (0/3) Orc:2        Vaults (1/5) D:14
 Depths (0/5) D:15        Volcano (visited)

Altars:
Dithmenos
Elyvilon
Fedhas
Gozag
Hepliaklqana
Kikubaaqudgha
Makhleb
Nemelex Xobeh
Okawaru
Qazlal
Ru
Sif Muna
Trog
Uskayaw
Vehumet
Wu Jian
Xom
Yredelemnul
Zin
The Shining One
Beogh

Shops:
D:7 [   Orc:2 [*}(=   Shoals:2 [

Portals:
Trove: D:15 (give horn of Geryon)

Annotations:
D:11 1 runed translucent door
Lair:4 exclusion: oklob plant
Lair:6 2 runed translucent doors
Shoals:2 exclusion: oklob plant
Vaults:1 3 runed translucent doors, Omuqil's ghost, adept DEAE


Innate Abilities, Weirdness & Mutations

Your experience applies equally to all skills.
You have very sharp teeth.
Your uncanny sense of smell can sniff out nearby items.
You do not regenerate when monsters are visible.


Message History

Press: ? - help, Shift-Dir - straight line, f - satyr
Aim: a satyr, wielding a +0 quarterstaff and quivering 21 arrows (moderately wounded)
You throw a javelin. The javelin misses the water nymph.
The javelin barely misses the satyr.
You hear a splash.
The merfolk shouts!
The merfolk javelineer throws a silver javelin.
The silver javelin pierces through the plant!!
The silver javelin pierces through you!
* * * LOW HITPOINT WARNING * * *
The silver sears you!
* * * LOW HITPOINT WARNING * * *
You hear a splash.
Unknown command.
The water nymph casts a spell at you. The water rises up and strikes you!
* * * LOW HITPOINT WARNING * * *
The water nymph gestures at you while chanting.
The water rises up and strikes you!!
You die...
Your body crumbles into a pile of gold.

....................≈≈≈≈≈≈≈≈≈≈≈##
.....PPP.<........≈≈≈≈≈.≈≈≈≈≈≈≈##
..).PPP.P........≈≈≈≈≈≈≈≈≈≈≈≈≈≈≈#
......PP≈.......≈≈≈≈≈≈≈≈≈≈≈≈≈≈≈≈#
...PP.PPP≈..≈..≈≈≈≈≈≈≈≈≈≈≈≈≈≈≈≈≈#
≈P..≈P≈≈P≈≈≈≈≈≈≈≈≈≈≈≈≈≈≈≈≈≈≈≈≈≈##
≈≈≈P≈≈≈≈≈≈≈≈≈≈≈≈≈≈≈≈≈≈≈≈≈≈≈≈≈≈≈##
≈≈≈≈≈≈≈≈≈≈≈P≈≈≈≈≈≈≈≈≈≈≈≈≈≈≈≈≈≈≈≈≈
≈≈≈≈≈≈≈≈≈PP≈≈≈≈≈@≈≈≈≈≈≈≈≈≈≈≈≈≈≈≈≈
≈≈≈≈≈≈≈≈P≈≈..≈≈≈≈≈≈≈≈≈≈≈≈≈≈≈≈≈≈≈≈
≈≈≈≈≈≈P≈≈.....≈≈≈P≈≈≈≈≈≈≈≈≈≈≈≈...
≈≈≈≈≈≈≈≈P.......PPP≈≈≈....≈≈≈≈...
..≈≈≈≈≈≈........P≈PPm.≈##.###≈...
...≈≈≈≈≈..####..≈≈P≈.m##### #≈...
...≈≈≈≈≈≈.......≈PP.##m≈≈m# ###..
...≈≈≈≈≈≈.........≈.##≈m≈≈≈≈≈ #..
....≈≈≈≈≈........≈≈..##(#(#≈≈ #..


You could see a merfolk javelineer, 2 merfolk and a water nymph.

Vanquished Creatures
  Saint Roka (Orc:2)
  Arachne (Spider:2)
  A kraken (Shoals:3)
  Gastronok (Lair:2)
  Agnes (Spider:2)
  Ilsuiw (Shoals:4)
  The ghost of ioannis32 the Blocker, an adept DsBe of Trog (Spider:1)
  5 ghost moths
  3 vault wardens (Vaults:1)
  2 frost giants
  Louise (Spider:2)
  An orc warlord (Vaults:1)
  7 emperor scorpions
  A deep elf sorcerer (Vaults:1)
  5 ironheart preservers (Vaults:1)
  2 entropy weavers
  2 stone giants
  A deep elf demonologist (Vaults:1)
  A dire elephant (D:15)
  6 merfolk javelineers
  9 merfolk impalers
  The ghost of jt the Tainter, a journeyman NaVM of Gozag (D:11)
  4 vault guards (D:14)
  4 ogre magi
  Fannar (Lair:2)
  5 hydras
  7 centaur warriors
  5 satyrs
  16 two-headed ogres
  3 merfolk avatars
  4 merfolk aquamancers
  3 death yaks (Lair:6)
  4 alligator snapping turtles
  2 orc high priests
  Nergalle (Lair:2)
  A deep elf knight (Vaults:1)
  2 skeletal warriors (Volcano)
  13 sea snakes
  A deep troll (Vaults:1)
  5 unseen horrors
  2 wolf spider zombies (D:14)
  10 orc knights
  A deep elf archer (Vaults:1)
  3 ironbrand convokers (Vaults:1)
  4 wizards
  The ghost of speedstriker the Skirmisher, a novice CeWr of Vehumet (D:8)
  2 anaconda skeletons (Volcano)
  22 harpies
  2 necromancers (Vaults:1)
  3 deep elf magi
  A lindwurm (Lair:6)
  17 orb spiders
  11 cyclopes
  11 manticores
  27 wolf spiders
  5 orc sorcerers
  A moth of wrath (Spider:2)
  17 fauns
  9 ugly things
  13 elephants
  11 black mambas
  Maurice (Orc:1)
  3 molten gargoyles (Lair:6)
  9 merfolk sirens
  3 centaur skeletons
  Joseph (D:8)
  5 spiny frogs
  2 torpor snails
  6 water nymphs
  8 gargoyles
  A rime drake (Lair:6)
  Maggie (D:7)
  3 freezing wraiths
  9 komodo dragons
  A yaktaur (shapeshifter) (Vaults:1)
  An efreet (D:13)
  9 demonic crawlers
  9 trolls
  A troll (shapeshifter) (D:13)
  33 merfolk
  A polar bear (Lair:3)
  16 jumping spiders
  A meliai (D:13)
  4 hornets
  A wind drake (shapeshifter) (Vaults:1)
  8 wind drakes
  6 blink frogs
  7 slime creatures
  2 harpy skeletons (Volcano)
  6 dream sheep
  9 snapping turtles
  A human simulacrum (Vaults:1)
  2 shadows
  2 alligator skeletons (Volcano)
  3 flying skulls (Volcano)
  48 redbacks
  A spriggan (Lair:4)
  13 water elementals
  10 hippogriffs
  Sigmund (D:6)
  3 vampires
  25 tarantellas
  5 wraiths
  43 yaks
  A basilisk (shapeshifter) (Vaults:1)
  6 wyverns
  2 hungry ghosts
  6 basilisks
  4 vampire mosquitoes (D:14)
  2 steam dragons
  12 wargs
  2 acid dragons
  5 hell hounds (Lair:6)
  9 water moccasins
  7 porcupines
  34 orc warriors
  A black bear (shapeshifter) (Vaults:1)
  6 ice beasts
  2 sky beasts
  A hornet zombie (D:12)
  A black bear (D:11)
  11 ogres
  3 boggarts (D:14)
  2 phantoms (D:6)
  8 wolves
  16 centaurs
  9 crocodiles
  11 big kobolds
  15 bullfrogs
  A gnoll sergeant (D:9)
  An ogre simulacrum (Vaults:1)
  2 wyvern zombies (D:10)
  2 scorpions
  2 wyvern skeletons
  55 killer bees
  An electric eel (Lair:4)
  2 troll skeletons (Volcano)
  4 wights (D:12)
  3 spriggan skeletons (Volcano)
  2 howler monkeys
  4 lava snakes (Lair:6)
  3 crimson imps
  2 centaur zombies
  2 bullfrog zombies
  2 jellies (D:10)
  15 orc priests
  11 hounds
  29 orc wizards
  4 bullfrog skeletons
  4 iguanas
  13 worker ants
  4 hell rats (Lair:2)
  A bullfrog simulacrum (D:13)
  9 gnolls
  3 river rats (Lair:2)
  9 adders
  3 shadow imps
  An ooze (D:4)
  2 adder skeletons
  A worm (D:3)
  A dart slug (D:1)
  4 leopard geckos
  82 orcs
  A ball python (D:1)
  4 bats
  4 bat zombies (D:8)
  8 giant cockroaches
  9 goblins
  2 hobgoblins
  14 jackals
  7 kobolds
  3 quokkas
  3 frilled lizards
  A jackal zombie (D:5)
  A leopard gecko skeleton (D:7)
  A quokka skeleton (D:8)
  13 rats
  2 fungi (Lair:6)
  5 plants
  3 tentacles (Shoals:3)
1173 creatures vanquished.

Vanquished Creatures (others)
  3 merfolk (Shoals:3)
  A water elemental (Shoals:3)
  8 fungi
  35 plants
  26 tentacles (Shoals:3)
73 creatures vanquished.

Grand Total: 1246 creatures vanquished

Notes
Turn   | Place    | Note
-------+----------+-------------------------------------------
     0 | D:1      | gruber the Gnoll Fighter began the quest for the Orb.
     0 | D:1      | Reached XP level 1. HP: 23/23 MP: 1/1
   194 | D:1      | Reached XP level 2. HP: 29/29 MP: 2/2
  1216 | D:2      | Found a shimmering altar of Xom.
  1315 | D:2      | Reached XP level 3. HP: 35/35 MP: 3/3
  1540 | D:3      | Reached skill level 1 in Short Blades
  1540 | D:3      | Reached skill level 1 in Axes
  1540 | D:3      | Reached skill level 1 in Maces & Flails
  1540 | D:3      | Reached skill level 1 in Polearms
  1540 | D:3      | Reached skill level 1 in Staves
  1540 | D:3      | Reached skill level 1 in Slings
  1540 | D:3      | Reached skill level 1 in Bows
  1540 | D:3      | Reached skill level 1 in Crossbows
  1540 | D:3      | Reached skill level 1 in Throwing
  1540 | D:3      | Reached skill level 1 in Dodging
  1540 | D:3      | Reached skill level 1 in Stealth
  1540 | D:3      | Reached skill level 1 in Unarmed Combat
  1540 | D:3      | Reached skill level 1 in Spellcasting
  1540 | D:3      | Reached skill level 1 in Invocations
  1540 | D:3      | Reached skill level 1 in Evocations
  1540 | D:3      | Reached XP level 4. HP: 38/41 MP: 3/5
  2120 | D:3      | Found a stormy altar of Qazlal.
  2252 | D:4      | Reached skill level 1 in Conjurations
  2252 | D:4      | Reached skill level 1 in Hexes
  2252 | D:4      | Reached skill level 1 in Charms
  2252 | D:4      | Reached skill level 1 in Summonings
  2252 | D:4      | Reached skill level 1 in Necromancy
  2252 | D:4      | Reached skill level 1 in Translocations
  2252 | D:4      | Reached skill level 1 in Transmutations
  2252 | D:4      | Reached skill level 1 in Fire Magic
  2252 | D:4      | Reached skill level 1 in Ice Magic
  2252 | D:4      | Reached skill level 1 in Air Magic
  2252 | D:4      | Reached skill level 1 in Earth Magic
  2252 | D:4      | Reached skill level 1 in Poison Magic
  2298 | D:4      | Reached XP level 5. HP: 45/47 MP: 5/7
  2473 | D:4      | Found a glowing golden altar of the Shining One.
  2492 | D:4      | Noticed an ogre
  2503 | D:4      | Killed an ogre
  2503 | D:4      | Reached XP level 6. HP: 53/53 MP: 8/8
  2778 | D:4      | Reached skill level 5 in Long Blades
  3150 | D:5      | Entered Level 5 of the Dungeon
  3150 | D:5      | Noticed an ice beast
  3167 | D:4      | Killed an ice beast
  3225 | D:5      | Found a staircase to the Ecumenical Temple.
  3321 | D:4      | Reached XP level 7. HP: 52/59 MP: 10/10
  3638 | D:5      | Found a sacrificial altar of Ru.
  3679 | Temple   | Entered the Ecumenical Temple
  3729 | Temple   | Became a worshipper of Gozag Ym Sagoz the Greedy
  3832 | D:5      | Found a shimmering blue altar of Sif Muna.
  3843 | D:5      | Found a radiant altar of Vehumet.
  3843 | D:5      | Found a shadowy altar of Dithmenos.
  3844 | D:5      | Found an ornate altar of the Wu Jian Council.
  3845 | D:5      | Found a glowing silver altar of Zin.
  3846 | D:5      | Found a hazy altar of Hepliaklqana.
  4354 | D:6      | Noticed Sigmund
  4562 | D:5      | Reached XP level 8. HP: 60/67 MP: 12/12
  4593 | D:6      | Killed Sigmund
  6061 | D:7      | Reached XP level 9. HP: 69/72 MP: 14/14
  6285 | D:7      | Noticed Maggie
  6295 | D:7      | Killed Maggie
  6601 | D:7      | Found Ybbeh's Armour Emporium.
  7667 | D:8      | Reached skill level 5 in Invocations
  7934 | D:8      | Found a runed translucent gate.
  7935 | D:8      | Found a runed translucent gate.
  7935 | D:8      | Found a runed translucent gate.
  7936 | D:8      | Noticed speedstriker's ghost (novice CeWr)
  7937 | D:8      | Identified the +9 whip "Ufyifade" {venom, +Blink rElec
                  | rPois Str+3 Int-3}
  8003 | D:8      | Found an iron altar of Okawaru.
  8067 | D:8      | Reached XP level 10. HP: 79/80 MP: 15/17
  8079 | D:8      | Killed speedstriker's ghost
  8079 | D:8      | Reached skill level 5 in Short Blades
  8079 | D:8      | Reached skill level 5 in Axes
  8079 | D:8      | Reached skill level 5 in Maces & Flails
  8079 | D:8      | Reached skill level 5 in Polearms
  8079 | D:8      | Reached skill level 5 in Staves
  8079 | D:8      | Reached skill level 5 in Slings
  8079 | D:8      | Reached skill level 5 in Bows
  8079 | D:8      | Reached skill level 5 in Crossbows
  8079 | D:8      | Reached skill level 5 in Throwing
  8079 | D:8      | Reached skill level 5 in Dodging
  8079 | D:8      | Reached skill level 5 in Stealth
  8079 | D:8      | Reached skill level 5 in Unarmed Combat
  8079 | D:8      | Reached skill level 5 in Spellcasting
  8079 | D:8      | Reached skill level 5 in Evocations
  8096 | D:8      | HP: 4/81 [poisoned by big kobold (curare-tipped dart)]
  8102 | D:8      | HP: 2/81 [poisoned by big kobold (curare-tipped dart)]
  8109 | D:8      | HP: 2/81 [poisoned by big kobold (curare-tipped dart)]
  8519 | D:8      | You fall into a shaft and drop 3 floors!
  8532 | D:11     | Found a runed translucent door.
  8533 | D:11     | Found a glowing silver altar of Zin.
  8533 | D:11     | Noticed an angel
  8920 | D:11     | Noticed a white ugly thing
  8947 | D:11     | Noticed a gargoyle
  8951 | D:11     | Killed a white ugly thing
  8969 | D:11     | Killed a gargoyle
  9065 | D:10     | Entered Level 10 of the Dungeon
  9337 | D:10     | Reached XP level 11. HP: 10/87 MP: 19/19
  9519 | D:10     | Found a staircase to the Lair.
 10534 | D:8      | Got a fine ring mail
 10535 | D:8      | Identified the cursed +0 ring mail "Xiachoer" {rElec} (You
                  | found it on level 8 of the Dungeon)
 10644 | D:8      | Noticed Joseph
 10654 | D:8      | Killed Joseph
 10654 | D:8      | Reached skill level 5 in Conjurations
 10654 | D:8      | Reached skill level 5 in Hexes
 10654 | D:8      | Reached skill level 5 in Charms
 10654 | D:8      | Reached skill level 5 in Summonings
 10654 | D:8      | Reached skill level 5 in Necromancy
 10654 | D:8      | Reached skill level 5 in Translocations
 10654 | D:8      | Reached skill level 5 in Transmutations
 10654 | D:8      | Reached skill level 5 in Fire Magic
 10654 | D:8      | Reached skill level 5 in Ice Magic
 10654 | D:8      | Reached skill level 5 in Air Magic
 10654 | D:8      | Reached skill level 5 in Earth Magic
 10654 | D:8      | Reached skill level 5 in Poison Magic
 10767 | D:8      | Found an ancient bone altar of Kikubaaqudgha.
 11460 | D:9      | Noticed a two-headed hydra
 11468 | D:9      | Killed a two-headed hydra
 11715 | D:9      | Found a hide-covered altar of Uskayaw.
 12170 | D:11     | Found a runed translucent gate.
 12170 | D:11     | Found a runed translucent gate.
 12170 | D:11     | Found an opulent altar of Gozag.
 12872 | D:11     | Noticed a two-headed ogre
 12881 | D:11     | Killed a two-headed ogre
 12980 | D:11     | Found a runed translucent gate.
 13194 | D:11     | Noticed jt's ghost (journeyman NaVM)
 13300 | D:12     | Noticed a two-headed ogre
 13311 | D:12     | Killed a two-headed ogre
 13564 | D:12     | Found a staircase to the Orcish Mines.
 13572 | D:12     | Reached XP level 12. HP: 96/96 MP: 22/22
 15223 | Lair:1   | Entered Level 1 of the Lair of Beasts
 16338 | Lair:1   | Got a steaming ring mail
 16339 | Lair:1   | Identified the +6 ring mail of the Furies {Harm Str-4
                  | Dex+6} (You found it on level 1 of the Lair of Beasts)
 16944 | Lair:2   | Reached skill level 10 in Fighting
 16944 | Lair:2   | Reached skill level 10 in Armour
 16944 | Lair:2   | Reached skill level 10 in Shields
 17143 | Lair:2   | Noticed Nergalle
 17157 | Lair:2   | Killed Nergalle
 17308 | Lair:2   | Noticed Fannar
 17343 | Lair:2   | Killed Fannar
 17343 | Lair:2   | Reached XP level 13. HP: 85/103 MP: 24/24
 17809 | Lair:2   | Noticed Gastronok
 17870 | Lair:2   | Killed Gastronok
 18319 | Lair:2   | Found a hole to the Spider Nest.
 19728 | Lair:4   | Got a slimy ring mail
 19729 | Lair:4   | Identified the cursed +0 ring mail "Ykahiago" {*Drain rPois
                  | rC+} (You found it on level 4 of the Lair of Beasts)
 20264 | Lair:4   | Found a staircase to the Shoals.
 20571 | Lair:5   | Found a dark tunnel.
 20594 | Volcano  | Entered a volcano
 22929 | Lair:5   | Reached XP level 14. HP: 89/111 MP: 26/26
 23045 | Lair:5   | Got a pair of faintly glowing gloves
 23046 | Lair:5   | Identified the +0 pair of gloves of Uskayaw's Esteem {*Slow
                  | +Inv +Fly MR+++} (You found it on level 5 of the Lair of
                  | Beasts)
 23689 | Lair:6   | Entered Level 6 of the Lair of Beasts
 24025 | Lair:6   | Reached skill level 10 in Long Blades
 24185 | Lair:6   | Found a staircase to the Slime Pits.
 24437 | Lair:6   | Got an ivory broad axe
 24438 | Lair:6   | Identified the cursed +3 broad axe "Impbane" {vorpal, MR++
                  | Dex+4} (You found it on level 6 of the Lair of Beasts)
 25268 | Lair:6   | HP: 1/113 [komodo dragon (17)]
 25657 | Lair:6   | Found a large runed translucent door.
 25658 | Lair:6   | Found a large runed translucent door.
 26401 | Lair:6   | Reached skill level 10 in Invocations
 27225 | D:11     | Killed jt's ghost
 27433 | Orc:1    | Entered Level 1 of the Orcish Mines
 27639 | Orc:2    | Entered Level 2 of the Orcish Mines
 27674 | Orc:2    | Gained mutation: You do not regenerate when monsters are
                  | visible. [a neqoxec]
 27702 | Orc:2    | Noticed Saint Roka
 27717 | Orc:2    | Found a roughly hewn altar of Beogh.
 28738 | Orc:2    | Killed Saint Roka
 28738 | Orc:2    | Reached XP level 15. HP: 74/119 MP: 28/28
 29332 | Orc:2    | Found Yseyjof's Antique Weapon Shoppe.
 29336 | Orc:2    | Found Xomp's Antique Armour Shoppe.
 29403 | Orc:2    | Bought a glimmering ring mail for 279 gold pieces
 29403 | Orc:2    | Bought a runed tower shield for 232 gold pieces
 29403 | Orc:2    | Identified the +1 ring mail "Weaf" {Harm MP+9 Dex-3} (You
                  | bought it in a shop on level 2 of the Orcish Mines)
 29481 | Orc:2    | Found a staircase to the Elven Halls.
 29498 | Orc:2    | Found Tec Zosm's Gadget Emporium.
 29541 | Orc:2    | Bought a wand of clouds (5) for 378 gold pieces
 29635 | Orc:2    | Found Fyituleitz's General Store.
 29641 | Orc:2    | Bought a scroll of identify for 32 gold pieces
 29650 | Orc:2    | Found Deapus's Jewellery Shoppe.
 29657 | Orc:2    | Bought a cursed amulet of inaccuracy for 26 gold pieces
 29762 | Orc:1    | Noticed Maurice
 29806 | Orc:1    | Killed Maurice
 31161 | D:13     | Got a jewelled quarterstaff
 31162 | D:13     | Identified the +2 quarterstaff "Ogreslayer" {vorpal, Str+2}
                  | (You found it on level 13 of the Dungeon)
 32535 | D:14     | Found a gate to the Vaults.
 32569 | D:14     | Reached skill level 10 in Short Blades
 32569 | D:14     | Reached skill level 10 in Axes
 32569 | D:14     | Reached skill level 10 in Maces & Flails
 32569 | D:14     | Reached skill level 10 in Polearms
 32569 | D:14     | Reached skill level 10 in Staves
 32569 | D:14     | Reached skill level 10 in Slings
 32569 | D:14     | Reached skill level 10 in Bows
 32569 | D:14     | Reached skill level 10 in Crossbows
 32569 | D:14     | Reached skill level 10 in Throwing
 32569 | D:14     | Reached skill level 10 in Dodging
 32569 | D:14     | Reached skill level 10 in Stealth
 32569 | D:14     | Reached skill level 10 in Unarmed Combat
 32569 | D:14     | Reached skill level 10 in Spellcasting
 32569 | D:14     | Reached skill level 10 in Evocations
 33608 | D:14     | You fall into a shaft and drop 1 floor!
 33608 | D:15     | Entered Level 15 of the Dungeon
 34768 | D:15     | Found a portal to a secret trove of treasure.
 34780 | D:15     | Reached XP level 16. HP: 127/127 MP: 30/30
 35344 | D:15     | Found a staircase to the Depths.
 36037 | Spider:1 | Entered Level 1 of the Spider Nest
 37326 | Spider:1 | Found a runed translucent door.
 37327 | Spider:1 | Noticed ioannis32's ghost (adept DsBe)
 37372 | Spider:1 | Killed ioannis32's ghost
 37383 | Spider:1 | Learned a level 2 spell: Blink
 38333 | Spider:2 | Got a scorched leather armour
 38334 | Spider:2 | Identified the cursed +1 leather armour "Pafepef" {rElec
                  | Str+3} (You found it on level 2 of the Spider Nest)
 38338 | Spider:2 | Noticed Arachne
 38377 | Spider:2 | Killed Arachne
 38659 | Spider:2 | Noticed Agnes
 38672 | Spider:2 | Killed Agnes
 40131 | Spider:2 | Noticed Louise
 40166 | Spider:2 | Killed Louise
 41676 | Spider:4 | Entered Level 4 of the Spider Nest
 42022 | Spider:4 | Reached XP level 17. HP: 127/135 MP: 32/32
 43680 | Spider:4 | HP: 5/135 [something (10)]
 44851 | Spider:4 | Got a gossamer rune of Zot
 45622 | Vaults:1 | Entered Level 1 of the Vaults
 45895 | Vaults:1 | Identified the cursed +0 chain mail of the Modern Wumpus
                  | {-Tele rF+ rC+ Dex+2}
 45895 | Vaults:1 | Identified the +0 tower shield "Emnong" {MR+ rCorr Slay-4}
 45949 | Vaults:1 | Reached skill level 10 in Conjurations
 45949 | Vaults:1 | Reached skill level 10 in Hexes
 45949 | Vaults:1 | Reached skill level 10 in Charms
 45949 | Vaults:1 | Reached skill level 10 in Summonings
 45949 | Vaults:1 | Reached skill level 10 in Necromancy
 45949 | Vaults:1 | Reached skill level 10 in Translocations
 45949 | Vaults:1 | Reached skill level 10 in Transmutations
 45949 | Vaults:1 | Reached skill level 10 in Fire Magic
 45949 | Vaults:1 | Reached skill level 10 in Ice Magic
 45949 | Vaults:1 | Reached skill level 10 in Air Magic
 45949 | Vaults:1 | Reached skill level 10 in Earth Magic
 45949 | Vaults:1 | Reached skill level 10 in Poison Magic
 46500 | Vaults:1 | Reached XP level 18. HP: 87/143 MP: 33/33
 48829 | Vaults:1 | Found a runed translucent gate.
 48829 | Vaults:1 | Found a runed translucent gate.
 48829 | Vaults:1 | Found a runed translucent gate.
 48832 | Vaults:1 | Noticed Omuqil's ghost (adept DEAE)
 48839 | Vaults:1 | Identified the +6 dagger of Ragnarok {antimagic, rC+ Dex+7}
 49207 | Shoals:1 | Entered Level 1 of the Shoals
 51833 | Shoals:1 | Identified the Compendium of Untold Secrets
 52324 | Shoals:1 | Bought a ration for 60 gold pieces
 52324 | Shoals:1 | Bought a ration for 60 gold pieces
 52324 | Shoals:1 | Bought a ration for 60 gold pieces
 52324 | Shoals:1 | Bought a ration for 60 gold pieces
 52324 | Shoals:1 | Bought a ration for 60 gold pieces
 52324 | Shoals:1 | Bought a ration for 60 gold pieces
 52324 | Shoals:1 | Bought a ration for 60 gold pieces
 52324 | Shoals:1 | Bought a ration for 60 gold pieces
 52793 | Shoals:2 | Found Lishomew's Antique Armour Emporium.
 54552 | Shoals:3 | Reached XP level 19. HP: 151/151 MP: 35/35
 57471 | Shoals:4 | Entered Level 4 of the Shoals
 58476 | Shoals:3 | HP: 5/151 [merfolk impaler/+0 trident (16)]
 60288 | Shoals:4 | Identified a scroll of acquirement
 60288 | Shoals:4 | Acquired the amulet of Abbuam {Reflect Fragile rN+ Slay+4
                  | SH+5}
 60567 | Shoals:4 | Noticed Ilsuiw
 60595 | Shoals:4 | Killed Ilsuiw
 61143 | Shoals:4 | Got a barnacled rune of Zot
 61211 | Shoals:4 | Found the +11 plutonium sword {*Contam Stlth-}
 61410 | Shoals:4 | Killed from afar by a water nymph

Illustrated notes

Levels and vault maps discovered:
D:1:      lightli_arrival_quake, layout_loops_corners, st_stairs_11,
          serial_bayou_crossing
D:2:      layout_basic, lemuel_coloured_pillars_altar, first_ration
D:3:      layout_loops_ring, nicolae_qazlal_eye_of_the_storm
D:4:      layout_loops_cross, lemuel_round_altar
D:5:      layout_loops_cross, nicolae_ru_great_annihilating_truth, minitemple,
          minmay_temple_entry_junction_2
D:6:      layout_loops_cross, uniq_sigmund
D:7:      layout_layer_cave, serial_shops, shop, uniq_maggie
D:8:      layout_loops_cross, nicolae_overflow_crystal_walls,
          lemuel_zombie_altar_kikubaaqudgha, gammafunk_ghost_nasty_kobolds,
          uniq_joseph
D:9:      layout_long_grid, eat_drink_and_be_merry_uskayaw, hangedman_ranch
          [blue_anna_fruit_fields]
D:10:     layout_rooms, david_lair_shrubbed, kennysheep_nondescript
D:11:     layout_stronghold, ebering_ghost_gozag, lemuel_angel_altar
D:12:     layout_layer_cave, orc_0_dummy
D:13:     four-leaf_vault, layout_irregular_city
D:14:     layout_grid_maze, lightli_vaults_fourway_checkpoint,
          minmay_misc_feat_four_crosses, hangedman_decor_clover_reticule
D:15:     hangedman_depths_entry_try_elsewhere_first, layout_cave_pods,
          serial_park_tiny_1, enter_trove_2
Temple:   compressed_dpeg_triangle_lava_temple
Lair:1:   wad_woods_minihive, layout_chaotic_city, serial_bayou_shore_b,
          grunt_megastairs_4
Lair:2:   layout_small_grid, spider_nest_entry_a, kennysheep_abandoned_house,
          lemuel_fruit_tree, uniq_gastronok, uniq_fannar, uniq_nergalle
Lair:3:   layout_gridlike
Lair:4:   layout_hall_layers, minmay_shoals_entry_hut,
          chequers_serial_rivers_micro_c, grunt_forest_large_clearing_hut,
          minmay_lair_oklob_chamber
Lair:5:   layout_cellular_growth, nicolae_volcano_entry_lava_flow
Lair:6:   cheibrodos_lair_end_hotspot, layout_gridlike, slime_dummy
Shoals:1: layout_shoals, st_shoals_ruin
Shoals:2: layout_shoals, serial_shops, shop, nicolae_shoals_this_corrosion
Shoals:3: layout_shoals
Shoals:4: shoals_end_grunt_ice, layout_shoals, shoals_ilsuiw_ice
Spider:1: layout_spider_delve, gammafunk_ghost_grave
Spider:2: layout_spider_delve, uniq_agnes, uniq_louise, uniq_arachne
Spider:3: layout_spider_delve
Spider:4: grunt_spider_rune_circles, hangedman_spider_tarantella_strand
Orc:1:    layout_caves, mines5_lemuel, uniq_maurice
Orc:2:    grunt_orc_cross, layout_caves, serial_shops, shop
Vaults:1: biasface_vaults_ghost_orc_armoury, v_rooms_1, vaults_mumra_hex,
          vaults_standard_mumra_x, ontoclasm_vaults_ligature,
          vaults_room_stairs_pillars, vaults_mumra_hexcomb,
          hangedman_vaults_cutoff, vaults_mumra_minichess,
          vaults_room_door_ring, ontoclasm_vaults_decontamination, st_eye,
          layout_vaults_maze

Skill      XL: |  1  2  3  4  5  6  7  8  9 10 11 12 13 14 15 16 17 18 19 |
---------------+----------------------------------------------------------+-----
Short Blades   | 1 2 3 4 5 6 7 8 9 10 11 12 | 12.7
Axes           | 1 2 3 4 5 6 7 8 9 10 11 12 | 12.7
Maces & Flails | 1 2 3 4 5 6 7 8 9 10 11 12 | 12.7
Polearms       | 1 2 3 4 5 6 7 8 9 10 11 12 | 12.7
Staves         | 1 2 3 4 5 6 7 8 9 10 11 12 | 12.7
Slings         | 1 2 3 4 5 6 7 8 9 10 11 12 | 12.7
Bows           | 1 2 3 4 5 6 7 8 9 10 11 12 | 12.7
Crossbows      | 1 2 3 4 5 6 7 8 9 10 11 12 | 12.7
Throwing       | 1 2 3 4 5 6 7 8 9 10 11 12 | 12.7
Dodging        | 1 2 3 4 5 6 7 8 9 10 11 12 | 12.7
Stealth        | 1 2 3 4 5 6 7 8 9 10 11 12 | 12.7
Unarmed Combat | 1 2 3 4 5 6 7 8 9 10 11 12 | 12.7
Spellcasting   | 1 2 3 4 5 6 7 8 9 10 11 12 | 12.7
Invocations    | 1 2 3 4 5 6 7 8 9 10 11 12 13 | 13.7
Evocations     | 1 2 3 4 5 6 7 8 9 10 11 12 | 12.7
Conjurations   | 1 2 3 4 5 6 7 8 9 10 | 10.9
Hexes          | 1 2 3 4 5 6 7 8 9 10 | 10.9
Charms         | 1 2 3 4 5 6 7 8 9 10 | 10.9
Summonings     | 1 2 3 4 5 6 7 8 9 10 | 10.9
Necromancy     | 1 2 3 4 5 6 7 8 9 10 | 10.9
Translocations | 1 2 3 4 5 6 7 8 9 10 | 10.9
Transmutations | 1 2 3 4 5 6 7 8 9 10 | 10.9
Fire Magic     | 1 2 3 4 5 6 7 8 9 10 | 10.9
Ice Magic      | 1 2 3 4 5 6 7 8 9 10 | 10.9
Air Magic      | 1 2 3 4 5 6 7 8 9 10 | 10.9
Earth Magic    | 1 2 3 4 5 6 7 8 9 10 | 10.9
Poison Magic   | 1 2 3 4 5 6 7 8 9 10 | 10.9
Long Blades    | 5 6 7 8 9 10 11 12 13 | 13.4
Fighting       | 7 8 9 10 11 12 13 14 | 14.0
Armour         | 7 8 9 10 11 12 13 14 | 14.0
Shields        | 7 8 9 10 11 12 13 14 | 14.0

Action                   |  1- 3 |  4- 6 |  7- 9 | 10-12 | 13-15 | 16-18 | 19-21 || total
-------------------------+-------+-------+-------+-------+-------+-------+-------++-------
Melee: Long sword        |    74 |   168 |   223 |       |       |       |       ||   465
       Bite              |     5 |    23 |    47 |   141 |   279 |   349 |   102 ||   946
       War axe           |       |       |   130 |    14 |       |       |       ||   144
       Whip              |       |       |       |   870 |  1404 |  1701 |   488 ||  4463
       Broad axe         |       |       |       |       |   231 |   192 |    53 ||   476
Throw: Dart              |       |       |     5 |       |     9 |     9 |     2 ||    25
       Javelin           |       |       |       |       |    13 |    27 |    64 ||   104
 Cast: Blink             |       |       |       |       |       |     3 |       ||     3
Invok: Potion Petition   |       |       |       |       |     5 |     4 |     2 ||    11
       Call Merchant     |       |       |       |       |       |     1 |       ||     1
 Abil: Evoke Invisibilit |       |       |       |       |       |     5 |     4 ||     9
       Evoke Flight      |       |       |       |       |       |    14 |    12 ||    26
Evoke: Wand              |       |       |     1 |     2 |     2 |    41 |     4 ||    50
  Use: Potion            |       |       |       |     1 |     2 |     7 |     1 ||    11
       Scroll            |       |       |       |    14 |    18 |     6 |     4 ||    42
 Stab: Paralysed         |       |       |     1 |       |       |    13 |       ||    14
       Sleeping          |       |       |     1 |     8 |    52 |    20 |     5 ||    86
       Distracted        |       |       |       |     5 |    12 |    10 |     1 ||    28
       Invisible         |       |       |       |       |     4 |    24 |    17 ||    45
  Eat: Chunk             |     2 |     6 |     1 |       |       |       |       ||     9
       Ration            |       |       |     4 |    10 |    16 |    20 |     8 ||    58
Armor: Scale mail        |    36 |    69 |    83 |       |       |       |       ||   188
       Ring mail         |       |       |    24 |   204 |   285 |   345 |    75 ||   933
Dodge: Dodged            |    17 |    48 |   165 |   278 |   584 |   672 |   296 ||  2060
       Repelled          |       |       |       |     2 |     6 |    19 |    30 ||    57
Block: Kite shield       |    39 |    96 |   222 |   432 |   540 |       |       ||  1329
       Tower shield      |       |       |       |       |   466 |  1652 |   532 ||  2650
       Reflection        |       |       |       |       |       |       |     5 ||     5
       Rpst.: Long sword |     6 |    14 |    31 |       |       |       |       ||    51
